 Dungeon Crawl Stone Soup version 0.27-a0-1116-g91b3acb402 (webtiles) character file.

Game seed: 14047746048983959149

17 Zeld the Skirmisher (level 2, 0/21 HPs)
             Began as an Octopode Fighter on May 2, 2021.
             Slain by a ball python (2 damage)
             ... on level 1 of the Dungeon.
             The game lasted 00:01:27 (566 turns).

Zeld the Skirmisher (Octopode Fighter)               Turns: 566, Time: 00:01:27

Health: 0/21       AC:  1    Str: 15    XL:     2   Next: 62%
Magic:  2/2        EV:  8    Int: 10    God:
Gold:   21         SH:  8    Dex: 11    Spells: 1/1 levels left

rFire    . . .     SeeInvis .   a - +0 war axe
rCold    . . .     Faith    .   b - +0 kite shield
rNeg     . . .     Spirit   .   (helmet restricted)
rPois    .         Reflect  .   (no amulet)
rElec    .         Harm     .   (no ring)
rCorr    .         Rampage  .   (no ring)
Will     .....                  (no ring)
Stlth    ++........             (no ring)
HPRegen  0.07/turn              (no ring)
MPRegen  0.08/turn              (no ring)
                                (no ring)
                                (no ring)

@: constricted
A: almost no armour, amphibious, 8 rings, camouflage 1, gelatinous body 1,
(nimble swimmer 1), tentacles
a: no special abilities


You were on level 1 of the Dungeon.
You visited 1 branch of the dungeon, and saw 1 of its levels.

You collected 21 gold pieces.

Inventory:

Hand Weapons
 a - a +0 war axe (weapon)
Missiles
 f - 3 javelins (quivered)
Armour
 b - a +0 kite shield (worn)
Scrolls
 h - a scroll of identify {unknown}
Potions
 c - a potion of might
 d - a potion of berserk rage {unknown}
 e - a potion of flight {unknown}
 g - a potion of curing {unknown}


   Skills:
 * Level 3.3 Fighting
 * Level 2.4 Axes
 - Level 3.0 Dodging
 * Level 3.2 Shields


You had one spell level left.
You didn't know any spells.
Your spell library was empty.

Dungeon Overview and Level Annotations

Branches:
Dungeon (1/15)

Altars:


Innate Abilities, Weirdness & Mutations

You cannot wear most types of armour.
You are amphibious.
You can wear up to eight rings at the same time.
Your skin changes colour to match your surroundings (Stealth+).
Your rubbery body absorbs attacks. (AC +1, EV +1)
((You are camouflaged near water. (Stealth+)))
You have tentacles for arms and can constrict up to eight enemies at once.


Message History

You closely miss the kobold. Your grab misses the kobold.
The kobold hits you with a +0 dagger.
You closely miss the kobold. Your grab misses the kobold.
A ball python comes into view.
The kobold barely misses you. The kobold misses you.
The hobgoblin closely misses you.
You barely miss the kobold.
The ball python hisses angrily.
You grab the kobold. You closely miss the hobgoblin.
You constrict the kobold, but do no damage.
The hobgoblin barely misses you. The kobold hits you with a +0 dagger.
The ball python misses you. The ball python grabs you.
The ball python constricts you. You block the hobgoblin's attack.
You closely miss the ball python. Your grab misses the ball python.
Your squeeze misses the ball python. You closely miss the hobgoblin.
You hit the kobold but do no damage. You constrict the kobold.
You kill the kobold!
The ball python completely misses you. The ball python constricts you.
The hobgoblin hits you. The ball python barely misses you.
The ball python constricts you.
You hit the ball python. Your grab misses the ball python.
The ball python is severely wounded.
You barely miss the hobgoblin. You barely miss the ball python.
The ball python barely misses you. The hobgoblin hits you.
You block the ball python's attack. The ball python constricts you.
The ball python bites you but does no damage.
The hobgoblin hits you.
* * * LOW HITPOINT WARNING * * *
The ball python closely misses you.
* * * LOW HITPOINT WARNING * * *
The ball python constricts you.
You escape the ball python's grasp.
Things that are here:
a +0 dagger; a kobold corpse The ball python bites you.
* * * LOW HITPOINT WARNING * * *
The ball python grabs you. The ball python constricts you.
You closely miss the ball python. You grab the ball python.
You constrict the ball python. The ball python bites you.
You die...

### # ..# r. #.# #.. #.#
.... #@# ####### .....
#S###.#.#.##
..##....##.....#Sg.....>..#
..[.....##.........#.#.#.##
..........................#
............##....##.#.#.##
........... #...##.......#
.......... .....###.#.#.##
..>....... .!....##.......#


You could see a hobgoblin and 2 ball pythons.

Vanquished Creatures
  A ball python (D:1)
  An endoplasm (D:1)
  2 goblins (D:1)
  3 hobgoblins (D:1)
  3 kobolds (D:1)
  2 bats (D:1)
  A frilled lizard (D:1)
  3 rats (D:1)
16 creatures vanquished.

Notes
Turn   | Place    | Note
-------+----------+-------------------------------------------
     0 | D:1      | Zeld the Octopode Fighter began the quest for the Orb.
     0 | D:1      | Reached XP level 1. HP: 16/16 MP: 1/1
    77 | D:1      | Found a faded altar of an unknown god.
   284 | D:1      | Reached XP level 2. HP: 17/21 MP: 2/2
   566 | D:1      | Slain by a ball python

Illustrated notes

Levels and vault maps discovered:
D:1:      dpeg_arrival_stonehenge_12_columns, layout_basic,
          chequers_ecumenical_altar_grove, minivault_23, st_stairs_12

Action                   || total
-------------------------++-------
Melee: War axe           ||    31
       Constrict         ||    10
       Tentacles         ||     3
 Stab: Sleeping          ||     3
Armor: Skin              ||     3
Dodge: Dodged            ||    21
Block: Kite shield       ||    12

Table legend: (Time is in decaauts)
 A = Elapsed time spent in this place.
 B = Non-inter-level travel time spent in this place.
 C = Inter-level travel time spent in this place.
 D = Time resting spent in this place.
 E = Time spent auto-exploring this place.
 F = Levels seen in this place.
 G = Mean time per level.
                   A        B        C        D        E       F      G
               +--------+--------+--------+--------+--------+-----+--------+
         Total |    585 |    585 |      0 |      0 |    482 |   1 |  585.0 |
       Dungeon |    585 |    585 |      0 |      0 |    482 |   1 |  585.0 |
               +--------+--------+--------+--------+--------+-----+--------+

Top non-repeatable levels by time:
     D:1: 585 daAuts
